 Dungeon Crawl Stone Soup version 0.30.1-4-g462c640d31 (webtiles) character file.

Game seed: 7618524417860462651

995 hawla the Firebug (level 8, -4/59 HPs)
             Began as a Meteoran Fire Elementalist on Sept 7, 2023.
             Was an Initiate of Vehumet.
             Slain by Joseph
             ... wielding a +0 quarterstaff
              (12 damage)
             ... on level 8 of the Dungeon.
             The game lasted 00:06:17 (1664 turns).

hawla the Firebug (Meteoran Fire Elementalist)      Turns: 1664, Time: 00:06:18

Health: -4/59      AC:  5    Str:  8    XL:     8   Next: 70%
Magic:  9/16       EV: 14    Int: 17    God:    Vehumet [......]
Gold:   162        SH:  0    Dex: 22    Spells: 6/17 levels left

rFire   . . .        h - +0 lajatang
rCold   . . .        (shield currently unavailable)
rNeg    + . .        a - +0 robe
rPois   .            (no helmet)
rElec   .            (no cloak)
rCorr   .            (no gloves)
SInv    .            o - +2 pair of boots
Will    +....        (no amulet)
Stlth   +            d - ring of positive energy
HPRegen 0.29/turn    (no ring)
MPRegen 0.15/turn

%: no passive effects
@: glowing
A: sense surroundings 1, otherworldly, glowing, explore regen, agile 2,
teleportitis 1, MP-powered wands
a: Renounce Religion


You were on level 8 of the Dungeon.
You worshipped Vehumet.
Vehumet was noncommittal.
You visited 2 branches of the dungeon, and saw 9 of its levels.

You collected 162 gold pieces.

Inventory:

Hand Weapons
 h - a +0 lajatang (weapon)
Armour
 a - a +0 robe (worn)
 o - a +2 pair of boots (worn)
Jewellery
 d - a ring of positive energy (left hand)
 g - a ring of fire
 k - a +6 ring of dexterity
Wands
 m - a wand of mindburst (21)
Scrolls
 b - 2 scrolls of identify {unknown}
 n - a scroll of enchant armour {unknown}
Potions
 c - a potion of cancellation {unknown}
 e - a potion of mutation
 f - 2 potions of curing {unknown}
 i - 2 potions of might {unknown}
 j - a potion of degeneration {unknown}
 l - a potion of heal wounds {unknown}


   Skills:
 - Level 1.1 Fighting
 - Level 0.7 Staves
 - Level 3.2 Dodging
 - Level 1.4 Stealth
 - Level 5.2 Spellcasting
 - Level 5.9 Conjurations
 + Level 5.0 Necromancy
 - Level 6.0 Fire Magic


You had 6 spell levels left.
You knew the following spells:

 Your Spells              Type           Power      Damage    Failure   Level
a - Foxfire               Conj/Fire      96%        2x1d8     1%          1
b - Scorch                Fire           50%        2d7       1%          2
c - Flame Wave            Conj/Fire      24%        2d8       12%         4
d - Dispel Undead         Necr           21%        3d11      17%         4

Your spell library contained the following spells:

 Spells                   Type           Power      Damage    Failure   Level
 Kiss of Death            Conj/Necr      92%        2d12      1%          1
 Static Discharge         Conj/Air       28%        2-4/arc   6%          2
 Inner Flame              Hex/Fire       14%        N/A       12%         3
 Volatile Blastmotes      Fire/Tloc      28%        2d12      12%         3
 Confusing Touch          Hex            4%         N/A       38%         3
 Airstrike                Air            2%         2d(1-17)  80%         4
 Summon Lightning Spire   Summ/Air       4%         N/A       80%         4


Dungeon Overview and Level Annotations

Branches:
Dungeon (8/15) Zot: 3145   Temple (1/1) D:5 Zot: 580
   Lair: D:8-11

Altars:
Ashenzari
Cheibriados
Dithmenos
Elyvilon
Fedhas
Gozag
Hepliaklqana
Kikubaaqudgha
Makhleb
Nemelex Xobeh
Okawaru
Qazlal
Ru
Sif Muna
Trog
Uskayaw
Vehumet
Wu Jian
Xom
Yredelemnul
Zin
The Shining One

Annotations:
D:8 Joseph


Innate Abilities, Weirdness & Mutations

You passively map a small area around you.
You are easily found by Zot.
You glow in the dark.
You regain HP and MP as you explore.
You are very agile. (Dex +8, Str/Int -2)
You are occasionally teleported next to monsters.
You expend magic power (3 MP) to strengthen your wands.


Message History

Your foxfire dissipates!
A bullfrog comes into view.
Casting: Foxfire (safe; 1% risk of failure)
Confirm with . or Enter, or press ? or * to list all spells.
You conjure some foxfire!
The foxfire hits Joseph.
Joseph is lightly wounded.
Joseph shoots a sling bullet.
The sling bullet closely misses you.
Your foxfire dissipates!
The bullfrog moves out of view.
The foxfire hits Joseph.
Joseph is lightly wounded.
The foxfire hits Joseph.
Joseph is lightly wounded.
The foxfire hits Joseph.
Joseph is lightly wounded.
Found a short sword.
Joseph unwields a +1 sling of flaming.
It stops flaming.
Joseph wields a +0 quarterstaff.
Joseph hits you with a +0 quarterstaff!
Casting: Foxfire (safe; 1% risk of failure)
Confirm with . or Enter, or press ? or * to list all spells.
Flames lash the bullfrog.
The bullfrog is heavily wounded.
The bullfrog's fire resistance burns away.
Joseph hits you with a +0 quarterstaff!
Unknown command.
Casting: Scorch (safe; 1% risk of failure)
Confirm with . or Enter, or press ? or * to list all spells.
Casting: Flame Wave (dangerous; 10% risk of failure)
Press: ? - help, Dir - look around, f - activate A wave of flame ripples out!
The flame wave engulfs Joseph!
Joseph is moderately wounded. (Press . to intensify the flame waves.) Joseph says, "I'm here to kill trespassers.
I like my job."
Joseph hits you with a +0 quarterstaff!
* * * LOW HITPOINT WARNING * * *
It was a potion of mutation.
You feel extremely strange.
You feel weirdly uncertain.
You feel agile. x2
You feel your magical essence link to the dungeon's wands.
Joseph hits you with a +0 quarterstaff!
You die...

*, , ...........
#.........#* . . *
###......... ...., ,
,.###.........., .....
.............##......,
,.#............v......
, ,
#............##....).
*
.............@@F.....
##..........####.##..
, *
............####.## *
,
#.....)....#.....###*
########...#........
#......##......# ....
*#.###.###......#
..... ...#..........##
..... #....##........
,...#.


You could see Joseph and a bullfrog (combustible).

Vanquished Creatures
  Eustachio (D:4)
  An ice beast (D:6)
  2 black bears
  A bullfrog (D:7)
  4 scorpions
  2 hounds
  A jelly (D:6)
  An orc priest (D:6)
  An iguana (D:6)
  A sleepcap (D:7)
  2 orc wizards
  4 adders
  A worm (D:2)
  2 dart slugs (D:4)
  6 orcs
  An endoplasm (D:4)
  3 goblins (D:4)
  A ball python (D:4)
  A frilled lizard (D:3)
  3 kobolds (D:4)
39 creatures vanquished.

Vanquished Creatures (others)
  94 foxfires
94 creatures vanquished.

Grand Total: 133 creatures vanquished

Notes
Turn   | Place    | Note
-------+----------+-------------------------------------------
     0 | D:1      | hawla the Meteoran Fire Elementalist began the quest for
                  | the Orb.
     0 | D:1      | Reached XP level 1. HP: 14/14 MP: 5/5
   114 | D:4      | Reached XP level 2. HP: 20/20 MP: 3/6
   117 | D:4      | Learned a level 2 spell: Scorch
   130 | D:4      | Reached skill level 4 in Fire Magic
   271 | D:4      | Found a hazy altar of Hepliaklqana.
   348 | D:4      | Reached XP level 3. HP: 9/26 MP: 0/8
   536 | D:4      | Noticed a scorpion
   540 | D:4      | Killed a scorpion
   541 | D:4      | Reached skill level 5 in Fire Magic
   541 | D:4      | Reached XP level 4. HP: 34/34 MP: 2/10
   541 | D:4      | Reached XP level 5. HP: 39/39 MP: 2/11
   625 | D:4      | Noticed Eustachio
   637 | D:4      | Killed Eustachio
   638 | D:4      | Reached skill level 1 in Fighting
   638 | D:4      | Reached XP level 6. HP: 12/47 MP: 3/14
   639 | D:4      | Found an iron altar of Okawaru.
   672 | D:4      | Found a blossoming altar of Fedhas.
   680 | D:4      | Found a snail-covered altar of Cheibriados.
   697 | D:4      | Found a shimmering altar of Xom.
  1045 | D:5      | Entered Level 5 of the Dungeon
  1070 | D:5      | Found a staircase to the Ecumenical Temple.
  1079 | Temple   | Entered the Ecumenical Temple
  1090 | Temple   | Became a worshipper of Vehumet
  1127 | D:5      | Reached skill level 5 in Spellcasting
  1340 | D:5      | Learned a level 4 spell: Flame Wave
  1345 | D:6      | Reached XP level 7. HP: 50/52 MP: 9/15
  1362 | D:6      | Reached skill level 5 in Conjurations
  1367 | D:6      | Reached skill level 6 in Fire Magic
  1367 | D:6      | Reached XP level 8. HP: 45/59 MP: 8/16
  1372 | D:6      | Learned a level 4 spell: Dispel Undead
  1421 | D:6      | Reached skill level 1 in Necromancy
  1632 | D:8      | Reached skill level 5 in Necromancy
  1650 | D:8      | Identified the +3 mace of Giweejal {venom, rCorr}
  1653 | D:8      | Noticed Joseph
  1664 | D:8      | Gained mutation: You are occasionally teleported next to
                  | monsters. [potion of mutation]
  1664 | D:8      | Gained mutation: You are agile. (Dex +4, Str/Int -1)
                  | [potion of mutation]
  1664 | D:8      | Gained mutation: You are very agile. (Dex +8, Str/Int -2)
                  | [potion of mutation]
  1664 | D:8      | Gained mutation: You expend magic power (3 MP) to
                  | strengthen your wands. [potion of mutation]
  1664 | D:8      | Slain by Joseph

Illustrated notes

Levels and vault maps discovered:
D:1:      dpeg_arrival_simpleton_b, layout_loops_corners, minmay_misc_feat_rows
D:2:      layout_loops_cross, hellmonk_ecumenical_altar_blasted,
          roderic_roman_lattice, minmay_misc_feat_hallway, minmay_door_square,
          kennysheep_generic_room_4, uniq_sigmund, uniq_robin
D:3:      wad_river_or_something, layout_rooms
D:4:      layout_layer_cave, mainiacjoe_overflow_brackets,
          nicolae_overflow_quartered_altars, uniq_eustachio
D:5:      layout_loops_cross, minmay_temple_entry_water_ring,
          nrook_loot_triangle, glass_columns_a, uniq_pikel
D:6:      lemuel_ice_spiral_2, layout_rooms, minmay_misc_feat_five
D:7:      cheibrodos_helix_gallery, layout_loops_ring
D:8:      layout_rooms, serial_shops, nicolae_shop_tiny_real_fake_doors,
          uniq_joseph
Temple:   sentei_temple_godly_chess

Skill      XL: |  1  2  3  4  5  6  7  8 |
---------------+-------------------------+-----
Fire Magic     | 4 5 6 |  6.0
Spellcasting   | 3 4 5 |  5.2
Fighting       | 1 |  1.1
Dodging        | 3 |  3.2
Conjurations   | 2 3 5 |  5.9
Necromancy     | 5 |  5.0
Staves         | |  0.7
Stealth        | |  1.4

Action                     |  1- 3 |  4- 6 |  7- 9 || total
---------------------------+-------+-------+-------++-------
  Melee: Unarmed           |     6 |       |       ||     6
         Lajatang          |     3 |     8 |    10 ||    21
   Cast: Foxfire           |    26 |    13 |    18 ||    57
         Scorch            |     6 |     8 |    20 ||    34
         Flame Wave        |       |     1 |     4 ||     5
    Use: Potion            |     1 |       |     2 ||     3
         Scroll            |       |     4 |       ||     4
 Armour: Robe              |     5 |     1 |     6 ||    12
  Dodge: Dodged            |    15 |    10 |    10 ||    35
